 Dungeon Sprint DCSS version 0.22.1-2-g9c5b331 (webtiles) character file.

18846 diana the Spry (level 12, -6/168 HPs)
             Began as a Merfolk Gladiator on Dec 14, 2018.
             Was a High Priest of Trog.
             Mangled by an orc knight
             ... wielding a +0 great mace
              (35 damage)
             ... in the Dungeon (Sprint VII: "The Pits").
             The game lasted 00:15:09 (3101 turns).

diana the Spry (Merfolk Gladiator)                  Turns: 3101, Time: 00:15:10

Health: -6/168     AC: 20    Str: 24    XL:     12   Next: 62%
Magic:  4/4        EV: 27    Int:  7    God:    Trog [*****.]
Gold:   48         SH:  0    Dex: 16    Spells: 11/11 levels left

rFire    . . .     SeeInvis .   g - +5 bardiche (antimagic)
rCold    . . .     Gourm    .   (shield currently unavailable)
rNeg     . . .     Faith    .   C - +5 ring mail
rPois    .         Spirit   .   c - +0 helmet
rElec    .         Reflect  .   y - +0 cloak
rCorr    .         Harm     .   (no gloves)
MR       .....     NoTele   +   (no boots)
Stlth    ..........             (no amulet)
HPRegen  0.38/turn              v - +3 ring of protection
MPRegen  0.09/turn              u - +3 ring of evasion

@: mighty, berserking, very quick
A: change form in water, swift swim, stealthy swim
a: Berserk, Trog's Hand, Brothers in Arms, Renounce Religion


You were in the Dungeon.
You worshipped Trog.
Trog was extremely pleased with you.
You were hungry.

You visited 1 branch You collected 48 gold pieces.

Inventory:

Hand Weapons
 b - a +3 glaive of protection
 g - a +5 antimagic bardiche (weapon)
Missiles
 d - 3 throwing nets (quivered)
 l - 4 poisoned javelins
 r - 6 javelins of penetration
 H - 5 exploding tomahawks
Armour
 c - a +0 helmet (worn)
 y - a +0 cloak (worn)
 C - a +5 ring mail (worn)
Jewellery
 k - an uncursed ring of protection from magic
 q - an uncursed ring of ice
 s - an uncursed ring of protection from fire
 t - an uncursed ring of stealth
 u - a +3 ring of evasion (right hand)
 v - a +3 ring of protection (left hand)
Wands
 w - a wand of flame (22)
Scrolls
 a - 2 scrolls of fear
 n - 8 scrolls of remove curse
 o - 5 scrolls of amnesia
 p - a scroll of summoning
 D - 4 scrolls of enchant weapon
 E - 2 scrolls of enchant armour
Potions
 e - 6 potions of curing
 i - 4 potions of magic
 j - 8 potions of berserk rage
 m - 2 potions of invisibility
 z - a potion of might
 A - a potion of resistance
 B - 3 potions of brilliance
 F - 2 potions of mutation
Miscellaneous
 x - a phantom mirror
Comestibles
 f - 6 rations


   Skills:
 - Level 16.3 Fighting
 - Level 16.1 Polearms
 - Level 2.0 Throwing
 + Level 16.2 Armour
 - Level 17.2 Dodging


You had 11 spell levels left.
You didn't know any spells.
Your spell library was empty.

Dungeon Overview and Level Annotations

Branches:
Dungeon (1/1)

Altars:
Cheibriados
Dithmenos
Elyvilon
Fedhas
Gozag
Hepliaklqana
Makhleb
Nemelex Xobeh
Okawaru
Qazlal
Ru
Sif Muna
Trog
Vehumet
Wu Jian
Xom
Yredelemnul
Zin
The Shining One
Beogh
Jiyva
Lugonu


Message History

The yaktaur captain barely misses you. The yaktaur hits you!
* * * LOW HITPOINT WARNING * * *
You cut the yaktaur captain into ribbons!!!
You feel the power of Trog in you as your rage grows.
You kill the yaktaur captain!
Trog accepts your kill.
Trog will gift you weapons as you gain piety.
Your Armour skill increases to level 16!
The orc knight closely misses you.
You slice the orc knight!!
The orc knight is moderately wounded.
You completely miss the orc knight.
The orc knight is moderately wounded.
The orc knight misses you. The yaktaur misses you.
The yaktaur closely misses you.
You closely miss the orc knight.
The orc knight is moderately wounded.
The yaktaur barely misses you.
The orc knight hits you with a great mace!!
You die...

#.c######### #o.# #..#
#++########## #o.# ........##..#
#..# .#......##..# #..#
........''..# #..#
........'').##########(.#
.#......##......@ocp....#
........##......ccoN.)..#
#''######################
#''##### #######################
#......# #.........##.....'...'.
#...)).# ##.......###).)).##.##.
##....## ####)..###########...##
##)'## ###.)').))..##..##.......
##....###....##)##.....##).......


You could see a naga warrior, a vault guard, 2 orc knights and 3 yaktaurs.

Vanquished Creatures
  A green draconian (D)
  A mummy priest (D)
  A yaktaur captain (D)
  A hydra (D)
  A naga warrior (D)
  A death yak (D)
  A swamp dragon (D)
  A phantasmal warrior (D)
  2 orc knights (D)
  A manticore (D)
  A black mamba (shapeshifter) (D)
  A gargoyle (D)
  A yaktaur (D)
  An ice devil (D)
  A troll (D)
  A wind drake (D)
  A snapping turtle (D)
  A tarantella (D)
  A flying skull (D)
  A shadow (D)
  A ynoxinul (D)
  A redback (D)
  A hungry ghost (D)
  A vampire mosquito (D)
  A small abomination (D)
  2 wargs (D)
  6 hell hounds (D)
  A floating eye (D)
  An ice beast (D)
  2 orc warriors (D)
  A phantom (D)
  A necrophage (D)
  A bullfrog (D)
  Dowan (D)
  2 killer bees (D)
  A jelly (D)
  An orc priest (D)
  2 orc wizards (D)
  An iron imp (D)
  3 gnoll shamans (D)
  A hell rat (D)
  8 gnolls (D)
  An adder (D)
  An ufetubus (D)
  An adder skeleton (D)
  A leopard gecko (D)
  4 orcs (D)
  A bat zombie (D)
  2 hobgoblins (D)
  2 jackals (D)
  A quokka (D)
  3 kobolds (D)
  A rat (D)
79 creatures vanquished.

Vanquished Creatures (collateral kills)
  A ghost moth (D)
  2 orc warlords (D)
  A deep elf annihilator (D)
  A two-headed ogre (D)
  A sixfirhy (D)
  A spriggan druid (D)
  A wizard (D)
  A deep elf mage (D)
  8 orc knights (D)
  A cyclops (D)
  A molten gargoyle (D)
  A kobold demonologist (D)
  An ice devil (D)
  A demonic crawler (D)
  A red devil (D)
  A bog body (D)
  A flying skull (D)
  A spriggan (D)
  A tarantella (D)
  A fire elemental (D)
  A steam dragon (D)
  2 vampire mosquitoes (D)
  A water moccasin (D)
  2 hell hounds (D)
  Duvessa (D)
  An orc warrior (D)
  2 killer bees (D)
  2 orc priests (D)
  A gnoll shaman (D)
  6 gnolls (D)
  2 orcs (D)
  A jackal (D)
  A bat (D)
51 creatures vanquished.

Vanquished Creatures (others)
  2 gnolls (D)
2 creatures vanquished.

Grand Total: 132 creatures vanquished

Notes
Turn   | Place    | Note
-------+----------+-------------------------------------------
     0 | D        | diana the Merfolk Gladiator began the quest for the Orb.
     0 | D        | Reached XP level 1. HP: 16/16 MP: 1/1
    10 | D        | Reached skill level 5 in Polearms
    41 | D        | Found a glowing golden altar of the Shining One.
    41 | D        | Found a glowing silver altar of Zin.
    41 | D        | Found a basalt altar of Yredelemnul.
    41 | D        | Found a shimmering altar of Xom.
    41 | D        | Found an ornate altar of the Wu Jian Council.
    41 | D        | Found a bloodstained altar of Trog.
    41 | D        | Found a deep blue altar of Sif Muna.
    41 | D        | Found a sacrificial altar of Ru.
    41 | D        | Found a stormy altar of Qazlal.
    41 | D        | Found an iron altar of Okawaru.
    41 | D        | Found a sparkling altar of Nemelex Xobeh.
    41 | D        | Found a burning altar of Makhleb.
    41 | D        | Found a viscous altar of Jiyva.
    41 | D        | Found a hazy altar of Hepliaklqana.
    41 | D        | Found an opulent altar of Gozag.
    41 | D        | Found a blossoming altar of Fedhas.
    41 | D        | Found a white marble altar of Elyvilon.
    41 | D        | Found a shadowy altar of Dithmenos.
    41 | D        | Found a snail-covered altar of Cheibriados.
    42 | D        | Found a radiant altar of Vehumet.
    42 | D        | Found a corrupted altar of Lugonu.
    42 | D        | Found a roughly hewn altar of Beogh.
    44 | D        | Became a worshipper of Trog the Wrathful
    69 | D        | Reached * piety under Trog
    73 | D        | Reached skill level 5 in Dodging
    73 | D        | Reached XP level 2. HP: 9/22 MP: 2/2
   305 | D        | Reached ** piety under Trog
   310 | D        | Reached XP level 3. HP: 23/27 MP: 3/3
   316 | D        | Reached skill level 6 in Dodging
   398 | D        | Noticed a warg
   398 | D        | Noticed a hungry ghost
   409 | D        | Noticed a bullfrog
   414 | D        | Killed a warg
   414 | D        | Reached skill level 8 in Dodging
   414 | D        | Reached XP level 4. HP: 24/33 MP: 4/4
   414 | D        | Reached XP level 5. HP: 28/38 MP: 5/5
   416 | D        | Reached *** piety under Trog
   423 | D        | Killed a hungry ghost
   423 | D        | Reached skill level 10 in Dodging
   423 | D        | Reached XP level 6. HP: 38/44 MP: 6/6
   425 | D        | Reached skill level 15 in Polearms
   455 | D        | Reached **** piety under Trog
   546 | D        | Noticed a necrophage
   556 | D        | Killed a necrophage
   556 | D        | Reached skill level 11 in Dodging
   556 | D        | Reached XP level 7. HP: 49/50 MP: 7/7
   558 | D        | Noticed a warg
   568 | D        | Killed a warg
   585 | D        | Reached skill level 12 in Dodging
   588 | D        | Reached ***** piety under Trog
   654 | D        | Noticed a flying skull
   658 | D        | Killed a flying skull
   667 | D        | Received a gift from Trog
   667 | D        | Reached skill level 13 in Dodging
   667 | D        | Reached XP level 8. HP: 60/68 MP: 8/8
   797 | D        | Noticed a ynoxinul
   804 | D        | Killed a ynoxinul
   804 | D        | Received a gift from Trog
   830 | D        | Noticed a spriggan
   834 | D        | Noticed a tarantella
   845 | D        | Reached skill level 10 in Fighting
   846 | D        | Killed a spriggan
   846 | D        | Reached skill level 14 in Dodging
   847 | D        | Killed a tarantella
  1054 | D        | Noticed a wind drake
  1056 | D        | Noticed a mummy priest
  1061 | D        | Killed a wind drake
  1061 | D        | Received a gift from Trog
  1061 | D        | Reached XP level 9. HP: 57/82 MP: 9/9
  1075 | D        | Noticed a phantasmal warrior
  1075 | D        | Noticed a flayed ghost
  1075 | D        | Killed a mummy priest
  1075 | D        | Reached skill level 15 in Dodging
  1320 | D        | Reached skill level 16 in Dodging
  1327 | D        | Received a gift from Trog
  1363 | D        | Noticed a sixfirhy
  1363 | D        | Noticed a two-headed ogre
  1368 | D        | Killed a sixfirhy
  1368 | D        | Reached skill level 15 in Fighting
  1368 | D        | Reached XP level 10. HP: 69/96 MP: 10/10
  1371 | D        | Killed a two-headed ogre
  1537 | D        | Noticed Duvessa
  1537 | D        | Noticed Dowan
  1541 | D        | Killed Duvessa
  1541 | D        | Reached skill level 17 in Dodging
  1549 | D        | Killed Dowan
  1549 | D        | Received a gift from Trog
  1562 | D        | Received a gift from Trog
  1859 | D        | Noticed a deep elf mage
  1869 | D        | Killed a deep elf mage
  1869 | D        | Reached skill level 5 in Armour
  2103 | D        | Noticed a black mamba
  2104 | D        | Received a gift from Trog
  2107 | D        | Noticed a manticore
  2107 | D        | Noticed a death yak
  2109 | D        | Killed a black mamba
  2116 | D        | Killed a manticore
  2125 | D        | Killed a death yak
  2125 | D        | Received a gift from Trog
  2125 | D        | Reached XP level 11. HP: 63/105 MP: 11/11
  2289 | D        | Noticed a phantasmal warrior
  2289 | D        | Noticed a spriggan druid
  2301 | D        | Killed a phantasmal warrior
  2304 | D        | Killed a spriggan druid
  2306 | D        | Noticed a four-headed hydra
  2308 | D        | Received a gift from Trog
  2317 | D        | Reached ****** piety under Trog
  2319 | D        | Killed a five-headed hydra
  2319 | D        | Received a gift from Trog
  2319 | D        | Reached skill level 10 in Armour
  2346 | D        | HP: 2/105 [something (4)]
  2355 | D        | Killed a ghost moth
  2637 | D        | Noticed an orc knight
  2642 | D        | Noticed a cyclops
  2644 | D        | Received a gift from Trog
  2645 | D        | Received a gift from Trog
  2646 | D        | Received a gift from Trog
  2660 | D        | Killed an orc knight
  2665 | D        | Killed a cyclops
  2665 | D        | Received a gift from Trog
  2994 | D        | Noticed a deep elf annihilator
  2994 | D        | Noticed a wizard
  2996 | D        | Noticed an orc knight
  2996 | D        | Noticed an orc knight
  2996 | D        | Noticed an orc knight
  2996 | D        | Noticed an orc knight
  2996 | D        | Killed a wizard
  2996 | D        | Noticed an orc knight
  2997 | D        | Noticed an orc warlord
  2997 | D        | Noticed an orc warlord
  2997 | D        | Killed a deep elf annihilator
  2998 | D        | Noticed an orc knight
  2998 | D        | Noticed an orc knight
  2998 | D        | Noticed an orc knight
  2998 | D        | Received a gift from Trog
  2998 | D        | Noticed a swamp dragon
  3000 | D        | Killed an orc knight
  3002 | D        | Noticed a naga warrior
  3002 | D        | Killed an orc knight
  3002 | D        | Noticed an orc knight
  3006 | D        | Killed an orc warlord
  3006 | D        | Reached XP level 12. HP: 112/112 MP: 4/12
  3007 | D        | Killed an orc warlord
  3008 | D        | Noticed a vault guard
  3012 | D        | Noticed a yaktaur captain
  3017 | D        | Noticed a green draconian
  3019 | D        | Noticed a naga warrior
  3027 | D        | Killed a naga warrior
  3027 | D        | Reached skill level 15 in Armour
  3088 | D        | Killed a green draconian
  3088 | D        | Received a gift from Trog
  3098 | D        | Killed a yaktaur captain
  3101 | D        | Mangled by an orc knight

Skill      XL: |  1  2  3  4  5  6  7  8  9 10 11 12 |
---------------+-------------------------------------+-----
Polearms       | 6 8 12 14 16 | 16.1
Dodging        | 5 8 10 11 13 14 16 17 | 17.2
Fighting       | 8 12 15 16 | 16.3
Armour         | 8 13 16 | 16.2
Throwing       | |  2.0

Action                   |  1- 3 |  4- 6 |  7- 9 | 10-12 || total
-------------------------+-------+-------+-------+-------++-------
Melee: Trident           |    49 |    24 |    41 |       ||   114
       Glaive            |       |       |    57 |   145 ||   202
       Halberd           |       |       |     8 |       ||     8
       Bardiche          |       |       |       |    55 ||    55
Invok: Berserk           |     2 |       |     2 |     3 ||     7
       Trog's Hand       |     1 |       |       |     1 ||     2
       Brothers in Arms  |       |       |     4 |    15 ||    19
  Use: Potion            |     1 |       |     1 |    15 ||    17
       Scroll            |       |       |       |     1 ||     1
 Stab: Sleeping          |     1 |       |       |       ||     1
  Eat: Chunk             |       |     2 |     4 |     5 ||    11
       Ration            |       |       |       |     3 ||     3
Armor: Leather armour    |     4 |       |       |       ||     4
       Ring mail         |     2 |     5 |    23 |    80 ||   110
Dodge: Dodged            |    39 |     3 |   101 |   280 ||   423
